 Dungeon Crawl Stone Soup version 0.13.2 (webtiles) character file.

3511 AlmightyPrime the Nimble (level 9, -18/83 HPs)
             Began as a Troll Berserker on May 25, 2019.
             Was a High Priest of Trog.
             Demolished by an orc warrior
             ... wielding a +0,+0 flail
              (31 damage)
             ... on Level 6 of the Dungeon.
             The game lasted 00:44:11 (7426 turns).

AlmightyPrime the Nimble (Troll Berserker)          Turns: 7426, Time: 00:44:11

HP -18/83        AC  5     Str 28      XL: 9   Next: 64%
MP   3/3         EV 12     Int  5      God: Trog [*****.]
Gold 325         SH  0     Dex  6 (9)  Spells:  0 memorised,  8 levels left

Res.Fire  : . . .   See Invis. : +   x - +2,+3 orc war axe (chop)
Res.Cold  : . . .   Warding    : .   b - -1 animal skin
Life Prot.: . . .   Conserve   : .   (shield restricted)
Res.Poison: .       Res.Corr.  : .   (helmet restricted)
Res.Elec. : .       Clarity    : .   (no cloak)
Sust.Abil.: . .     Spirit.Shd : .   (gloves unavailable)
Res.Mut.  : .       Stasis     : .   (boots unavailable)
Res.Rott. : .       Flight     : .   (no amulet)
Gourmand  : +                        (no ring)
                                     h - ring of see invisible

@: exhausted, slowed, very slow, slightly resistant to hostile enchantments,
very unstealthy
A: unfitting armour, claws 3, fast metabolism 3, gourmand, regeneration 2,
saprovore 2, tough skin 2, AC +2
a: Burn Spellbooks, Berserk, Trog's Hand, Brothers in Arms, Renounce Religion


You were on level 6 of the Dungeon.
You worshipped Trog.
Trog was extremely pleased with you.
You were full.

You visited 1 branch of the dungeon, and saw 6 of its levels.
You also visited: Sewer.

You collected 305 gold pieces.

Inventory:

Hand weapons
 e - a +0 blowgun
 n - a +1,-1 orcish trident of protection
 x - a +2,+3 orcish war axe of chopping (weapon)
 G - a +0,+0 bow
Missiles
 d - 9 silver bolts
 i - 24 poisoned needles
 k - 31 poisoned arrows
Armour
 b - a -1 animal skin (worn)
 F - a +2 large shield
Magical devices
 w - a wand of frost (9)
Comestibles
 z - a bread ration
 D - a rotting chunk of adder flesh
Scrolls
 c - a scroll of amnesia {unknown}
 f - 2 scrolls of magic mapping
 p - a scroll of fog {unknown}
 q - a scroll of enchant armour {unknown}
 s - a scroll of curse jewellery {unknown}
 t - 2 scrolls of remove curse
 y - a scroll of curse weapon {unknown}
 B - a scroll of blinking {unknown}
 C - a scroll of recharging {unknown}
 E - a scroll of identify
Jewellery
 a - an uncursed ring of protection from magic {unknown}
 h - a ring of see invisible (left claw)
 j - a +2 ring of dexterity {unknown}
Potions
 g - 7 potions of curing
 l - 4 potions of flight
 o - 2 potions of restore abilities
 r - a potion of might
 v - a potion of confusion


   Skills:
 - Level 2.4 Fighting
 + Level 11.6 Dodging
 - Level 3.0 Unarmed Combat


You had 8 spell levels left.
You didn't know any spells.

Dungeon Overview and Level Annotations

Branches:
Dungeon (6/27)                Orc (0/4) D:6
 Temple: D:4-7

Altars:
Cheibriados
Kikubaaqudgha
Makhleb
Sif Muna
Trog
Yredelemnul


Innate Abilities, Weirdness & Mutations

You are too large for most types of armour.
You have claws for hands.
Your metabolism is lightning-fast.
You like to eat raw meat.
You heal very quickly.
You can eat rotten meat.
You are covered in fur (AC +1).
You have very tough skin (AC +2).
You are partially covered in icy blue scales (AC +1).


Message History

The orc warrior hits you with a flail!
* * * LOW HITPOINT WARNING * * *
Read which item? (? for menu, Esc to quit)
Okay, then.
Drink which item? (? for menu, Esc to quit)
You feel better. The orc warrior misses you.
Use which ability? (? or * to list)
A red film seems to cover your vision as you go berserk!
You feel yourself moving faster!
You feel mighty! The orc warrior closely misses you.
You feel a strong urge to attack something.
The orc warrior hits you with a flail!
* * * LOW HITPOINT WARNING * * *
You feel your anger subside.
You are no longer berserk.
You are exhausted.
You feel yourself slow down. The orc warrior barely misses you.
The orc warrior hits you with a flail!
You die...

##################
#.................
#...........######
#...........#
#...........# .
#o..........#
#@#####.....# .
#.# #.....# . #.#
#.....# . #.#
#.....# #.#
#.....###### #.#
#........... #.#
#...........
#.#####....<......
#.................


You could see an orc warrior (berserk).

Vanquished Creatures
  An unseen horror (D:6)
  A human (D:5)
  Grinder (D:3)
  2 orc warriors
  2 phantoms (D:5)
  A centaur (D:5)
  An ogre (D:6)
  A big kobold (Sewer)
  2 giant frogs (D:6)
  A crimson imp (D:6)
  3 hounds
  2 quasits
  A big fish (Sewer)
  2 jellies
  An iguana (D:6)
  2 scorpions
  2 orc wizards
  An orc priest (D:4)
  5 worker ants
  A killer bee zombie (D:5)
  An ogre skeleton (D:6)
  5 gnolls
  2 green rats
  A giant centipede (D:3)
  2 giant mites
  An inept feature mimic (D:2)
  10 adders
  A worm (D:2)
  2 grey rats (Sewer)
  2 giant eyeballs
  7 giant geckos
  2 oozes
  23 orcs
  10 giant cockroaches
  13 hobgoblins
  25 jackals
  2 quokkas
  2 ball pythons
  13 bats
  8 giant newts
  13 goblins
  A goblin skeleton (D:5)
  A jackal zombie (D:5)
  17 kobolds
  A kobold zombie (D:5)
  11 rats
  A rat skeleton (D:5)
  A plant (D:6)
211 creatures vanquished.

Vanquished Creatures (collateral kills)
  2 humans (D:5)
  An orc warrior (D:6)
  An iguana (D:6)
  4 orcs
  A quokka (D:5)
9 creatures vanquished.

Vanquished Creatures (others)
  An ogre (D:6)
1 creature vanquished.

Grand Total: 221 creatures vanquished

Notes
Turn   | Place    | Note
--------------------------------------------------------------
     0 | D:1      | AlmightyPrime, the Troll Berserker, began the quest for the Orb.
     0 | D:1      | Reached XP level 1. HP: 23/23 MP: 0/0
   125 | D:1      | Reached XP level 2. HP: 29/31 MP: 0/0
   269 | D:1      | Acquired Trog's second power
   399 | D:1      | Reached XP level 3. HP: 37/37 MP: 1/1
   896 | D:2      | Reached skill level 4 in Dodging
  1305 | D:2      | Reached XP level 4. HP: 46/46 MP: 1/1
  1642 | D:3      | Noticed Grinder
  1653 | D:3      | Paralysed by Grinder for 3 turns
  1657 | D:3      | Noticed an orc warrior
  1659 | D:3      | Paralysed by Grinder for 2 turns
  1671 | D:3      | Killed Grinder
  1671 | D:3      | Reached skill level 5 in Dodging
  1671 | D:3      | Reached XP level 5. HP: 53/53 MP: 1/1
  1671 | D:3      | Reached XP level 6. HP: 61/61 MP: 2/2
  1688 | D:3      | Reached skill level 6 in Dodging
  1787 | D:3      | Killed an orc warrior
  2065 | D:3      | Found a glowing drain.
  2069 | Sewer    | Entered a sewer
  2566 | Sewer    | Reached skill level 7 in Dodging
  2566 | Sewer    | Reached XP level 7. HP: 55/68 MP: 2/2
  2602 | Sewer    | Found a white marble altar of Elyvilon.
  3353 | D:3      | Gained mutation: You are partially covered in icy blue scales (AC +1). [potion of beneficial mutation]
  3537 | D:3      | Acquired Trog's third power
  3749 | D:4      | Paralysed by a giant eyeball for 4 turns
  4017 | D:4      | HP: 2/68 [orc priest/divine providence (17)]
  4867 | D:5      | Entered Level 5 of the Dungeon
  4985 | D:5      | Reached skill level 8 in Dodging
  5110 | D:5      | Noticed a human
  5112 | D:5      | Noticed a human
  5131 | D:5      | Killed a human
  5131 | D:5      | Reached XP level 8. HP: 65/76 MP: 2/2
  5134 | D:5      | Killed a human
  5134 | D:5      | Reached skill level 9 in Dodging
  5357 | D:5      | Noticed a human
  5385 | D:5      | Killed a human
  5643 | D:5      | Reached skill level 10 in Dodging
  5673 | D:5      | Found a basalt altar of Yredelemnul.
  5941 | D:5      | Paralysed by a giant eyeball for 2 turns
  5977 | D:5      | Found a burning altar of Makhleb.
  5977 | D:5      | Found an ancient bone altar of Kikubaaqudgha.
  5978 | D:5      | Found a snail-covered altar of Cheibriados.
  5991 | D:5      | Found a bloodstained altar of Trog.
  5994 | D:5      | Found a deep blue altar of Sif Muna.
  6036 | D:6      | Found a staircase to the Orcish Mines.
  6114 | D:6      | Reached XP level 9. HP: 32/83 MP: 3/3
  7276 | D:6      | Reached skill level 11 in Dodging
  7280 | D:6      | Noticed an unseen horror
  7309 | D:6      | Killed an unseen horror
  7426 | D:6      | Demolished by an orc warrior

Action                   |  1- 3 |  4- 6 |  7- 9 || total
-------------------------+-------+-------+-------++-------
Melee: Unarmed           |   139 |    59 |       ||   198
       Battleaxe         |       |   112 |    53 ||   165
       Trident           |       |       |   348 ||   348
       War axe           |       |       |   120 ||   120
Invok: Berserk           |       |     2 |     5 ||     7
       Brothers in Arms  |       |       |     2 ||     2
Evoke: Wand              |       |       |     2 ||     2
  Use: Scroll            |       |     6 |     4 ||    10
       Potion            |       |       |     4 ||     4
